 Dungeon Crawl Stone Soup version 0.32-a0-640-gc5db3fc80f (webtiles) character file.

Game seed: 16294825758411399777

1313 Goblin1989 the Cudgeller (level 8, -2/61 HPs)
             Began as a Coglin Gladiator on Mar 8, 2024.
             Was a Believer of Beogh.
             Slain by a gnoll
             ... wielding a +0 spear
             ... led by a gnoll bouda
              (10 damage)
             ... on level 5 of the Dungeon.
             The game lasted 00:09:39 (4424 turns).

Goblin1989 the Cudgeller (Coglin Gladiator)         Turns: 4424, Time: 00:09:39

Health: -2/61      AC: -2    Str: 17    XL:     8   Next: 58%
Magic:  8/8        EV:  6    Int:  7    God:    Beogh [**....]
Gold:   145        SH:  0    Dex: 16    Spells: 7/7 levels left

rFire   . . .        a - +0 flail {Kamaljyot}
rCold   . . .        v - +2 mace (holy) {Kanchana}
rNeg    . . .        k - +1 plate armour
rPois   .            c - +0 helmet
rElec   .            (no cloak)
rCorr   .            (no gloves)
SInv    .            (no boots)
Will    .....        (amulet unavailable) Stlth
                     (ring unavailable)
HPRegen 0.30/turn    (ring unavailable)
MPRegen 0.11/turn    (no gizmo)

%: no passive effects
@: corroded
A: off-hand wielding, slow wielding, warmup strikes, no jewellery
a: Invent Gizmo, Renounce Religion, Smiting


You were on level 5 of the Dungeon.
You worshipped Beogh.
Beogh was pleased with you.
You visited 1 branch of the dungeon, and saw 5 of its levels.
You also visited: Ossuary.

You collected 145 gold pieces.

Inventory:

Hand Weapons
 a - a +0 flail (weapon) {Kamaljyot}
 v - a +2 mace of holy wrath (offhand) {Kanchana}
Missiles
 d - 2 throwing nets (quivered) {!d , @Q1}
 e - a javelin
 w - 2 boomerangs {@Q3}
Armour
 c - a +0 helmet (worn)
 k - a +1 plate armour (worn)
Wands
 F - a wand of quicksilver (7)
Scrolls
 p - 5 scrolls of identify {@r1}
 y - a scroll of blinking {unknown}
 z - a scroll of immolation {unknown}
 A - a scroll of teleportation
 B - a scroll of revelation {unknown}
 C - 2 scrolls of noise
 D - a scroll of poison
 E - a scroll of vulnerability
Potions
 g - 2 potions of curing {@q1}
 h - 3 potions of degeneration {unknown}
 j - 2 potions of might {unknown}
 l - 4 potions of enlightenment {unknown}
 m - 3 potions of lignification {unknown}
 n - 4 potions of brilliance {unknown}
 r - 2 potions of heal wounds {unknown}
 u - a potion of resistance {unknown}
 x - a potion of invisibility {unknown}
 G - a potion of mutation {unknown}


   Skills:
 + Level 4.6 Fighting
 * Level 6.8 Maces & Flails
 - Level 1.7 Throwing
 + Level 3.6 Armour
 + Level 4.7 Dodging


You had 7 spell levels left.
You didn't know any spells.
Your spell library was empty.

Dungeon Overview and Level Annotations

Branches:
Dungeon (5/15) Zot: 25978 Ossuary (visited)
 Temple: D:4-7

Altars:
Dithmenos
Gozag
Kikubaaqudgha
Qazlal
Uskayaw
Wu Jian
Xom

Shops:
D:1 (

Annotations:
D:4 3 runed translucent doors, Filo's ghost, amateur MiBe


Innate Abilities, Weirdness & Mutations

Your facial features look somewhat orcish.
You can wield a second weapon in your off-hand.
It takes a long time for you to wield or remove held weapons.
Your first few attacks do less damage.
You cannot equip rings or amulets.


Message History

You barely miss the howler monkey with your +2 mace of holy wrath.
You barely miss the howler monkey with your +0 flail.
The howler monkey barely misses you. The howler monkey closely misses you.
You thump the howler monkey with your +0 flail!
The howler monkey is heavily wounded.
You barely miss the howler monkey with your +2 mace of holy wrath.
The howler monkey hoots and howls with incredible vigour!
You hear a shout!
You hear an angry growl.
You closely miss the howler monkey with your +2 mace of holy wrath.
The howler monkey is heavily wounded.
You closely miss the howler monkey with your +0 flail.
The howler monkey hits you but does no damage.
You hit the howler monkey with your +0 flail.
The howler monkey is heavily wounded.
You sock the howler monkey with your +2 mace of holy wrath!
The howler monkey barely misses you.
You closely miss the howler monkey with your +2 mace of holy wrath.
The howler monkey is severely wounded.
You sock the howler monkey with your +0 flail!
You kill the howler monkey!
Beogh accepts your kill.
No target in view!
No target in view!
No target in view!
No target in view!
No target in view!
No target in view!
No target in view!
No target in view!
No target in view!
No target in view!
No target in view!
Found a stone staircase leading up.
You now have 145 gold pieces (gained 11).
A jelly comes into view.
The jelly quivers.
A jelly is nearby!
A gnoll bouda comes into view. It is wielding a +0 whip.
You thump the jelly with your +0 flail! The acid corrodes you!
Your graspers burn!
The jelly is heavily wounded.
You hit the jelly with your +2 mace of holy wrath.
Your graspers burn!
The jelly barely misses you.
You take 6 damage, and have 55/61 hp.
You hit the jelly with your +2 mace of holy wrath.
The acid corrodes you!
Your graspers burn!
The jelly is almost dead.
You hit the jelly but do no damage. The acid corrodes you!
Your graspers burn!
The jelly barely misses you.
You take 7 damage, and have 48/61 hp.
You hit the jelly but do no damage. The acid corrodes you!
Your graspers burn!
The jelly is almost dead.
You hit the jelly but do no damage.
Your graspers burn!
The jelly jiggles.
The jelly hits you.
You are splashed with acid!
A gnoll comes into view. It is wielding a +0 spear.
The gnoll bouda barks out a call to the hunt!
The gnoll picks up the pace!
You hear a shout!
You take 13 damage, and have 35/61 hp.
MASSIVE DAMAGE!!
You are too injured to fight recklessly!
You are too injured to fight recklessly!
You are too injured to fight recklessly!
You are too injured to fight recklessly!
You are too injured to fight recklessly!
You are too injured to fight recklessly!
You are too injured to fight recklessly!
You are too injured to fight recklessly!
You are too injured to fight recklessly!
You are too injured to fight recklessly!
You are too injured to fight recklessly!
You are too injured to fight recklessly!
You are too injured to fight recklessly!
There are monsters nearby!
You sock the jelly with your +2 mace of holy wrath!
You kill the jelly!
Beogh accepts your kill.
The gnoll bouda barks out a call to the hunt!
A gnoll comes into view. It is wielding a +0 flail.
The gnoll attacks as it pursues you! The gnoll barely misses you.
The gnoll hits you from afar with a +0 spear!
You see here a howler monkey corpse.
You take 7 damage, and have 31/61 hp.
The gnoll attacks as it pursues you!
The gnoll hits you from afar with a +0 spear.
You take 2 damage, and have 29/61 hp.
The gnoll attacks as it pursues you!
The gnoll hits you from afar with a +0 spear!
* * * LOW HITPOINT WARNING * * *
The gnoll hits you from afar with a +0 spear.
* * * LOW HITPOINT WARNING * * *
You take 15 damage, and have 14/61 hp.
MASSIVE DAMAGE!!
The gnoll attacks as it pursues you!
The gnoll hits you from afar with a +0 spear!
* * * LOW HITPOINT WARNING * * *
You take 8 damage, and have 6/61 hp.
The gnoll is no longer moving quickly.
The gnoll attacks as it pursues you!
The gnoll hits you from afar with a +0 spear!
You die...

. █...█.<..█......█.....
..██...█...........█.....
....... ...........█.....
█..█...█████.......█.....
█...............██.......
................†........
.......<█g█.....██......█
███..█.██.█.....██......█
██....@.█.....████.....
................█ █....█
.........████...........█
.......... ............█
...██..... ███..........█
... █...... █......
........


You could see a gnoll.

Vanquished Creatures
  Sigmund (D:3)
  Eustachio (D:4)
  A phantom (D:5)
  A scorpion (D:4)
  A howler monkey (D:5)
  7 bullfrog zombies (Ossuary)
  2 jellies
  An iguana (D:4)
  An orc wizard (D:3)
  Ijyb (D:4)
  5 mummies (Ossuary)
  2 crocodile zombies (Ossuary)
  2 killer bee zombies (Ossuary)
  5 hound zombies
  A hound skeleton (D:4)
  3 howler monkey zombies (Ossuary)
  2 gnolls (D:1)
  5 adders
  3 adder skeletons (D:4)
  A ribbon worm (D:3)
  6 orcs
  10 endoplasms
  2 giant cockroaches
  11 goblins
  4 hobgoblins
  4 jackals
  7 kobolds
  6 quokkas
  A ball python (D:1)
  A ball python zombie (Ossuary)
  6 bats
  2 frilled lizards
  7 rats
113 creatures vanquished.

Notes
Turn   | Place    | Note
-------+----------+-------------------------------------------
     0 | D:1      | Goblin1989 the Coglin Gladiator began the quest for the
                  | Orb.
     0 | D:1      | Reached XP level 1. HP: 16/16 MP: 1/1
   189 | D:1      | Reached skill level 3 in Maces & Flails
   200 | D:1      | Reached XP level 2. HP: 6/22 MP: 2/2
   295 | D:1      | Found Qeiv's Antique Weapon Boutique.
   363 | D:1      | Reached XP level 3. HP: 27/27 MP: 3/3
  1150 | D:2      | Reached skill level 4 in Maces & Flails
  1787 | D:3      | Reached XP level 4. HP: 32/33 MP: 4/4
  1963 | D:3      | Found a stormy altar of Qazlal.
  2128 | D:3      | Became a worshipper of Beogh the Shepherd
  2230 | D:3      | Noticed Sigmund
  2243 | D:3      | Killed Sigmund
  2244 | D:3      | Reached skill level 1 in Armour
  2244 | D:3      | Reached XP level 5. HP: 30/40 MP: 5/5
  2244 | D:3      | Reached XP level 6. HP: 34/46 MP: 6/6
  2247 | D:3      | Reached skill level 5 in Maces & Flails
  2355 | D:3      | Found a shadowy altar of Dithmenos.
  2358 | D:3      | Found an ancient bone altar of Kikubaaqudgha.
  2361 | D:3      | Found a shimmering altar of Xom.
  2361 | D:3      | Found an ornate altar of the Wu Jian Council.
  2368 | D:3      | Found a hide-covered altar of Uskayaw.
  2464 | D:3      | Found a faded altar of an unknown god.
  2630 | D:3      | Found an opulent altar of Gozag.
  2880 | D:4      | Noticed Ijyb
  2923 | D:4      | Noticed Eustachio
  2933 | D:4      | Killed Eustachio
  2945 | D:4      | Reached XP level 7. HP: 42/52 MP: 7/7
  3091 | D:4      | Reached * piety under Beogh
  3143 | D:4      | Found a sand-covered staircase.
  3165 | Ossuary  | Entered an ossuary
  3259 | Ossuary  | Reached skill level 6 in Maces & Flails
  3377 | Ossuary  | Reached XP level 8. HP: 60/60 MP: 8/8
  3700 | D:4      | Reached ** piety under Beogh
  3715 | D:4      | Found a runed translucent gate.
  3715 | D:4      | Found a runed translucent gate.
  3715 | D:4      | Found a runed translucent gate.
  3730 | D:4      | Found an opulent altar of Gozag.
  3731 | D:4      | Noticed Filo's ghost (amateur MiBe)
  3835 | D:4      | Killed Ijyb
  4369 | D:5      | Entered Level 5 of the Dungeon
  4424 | D:5      | Slain by a gnoll

Illustrated notes

Levels and vault maps discovered:
D:1:      minmay_arrival_arboretum_small, layout_basic, serial_shops,
          nicolae_shop_advertising_works [nicolae_subvault_shop_adworks],
          chequers_avenue
D:2:      layout_loops_ring
D:3:      layout_basic, nicolae_overflow_hallway_of_the_gods,
          mainiacjoe_overflow_catch_the_wave,
          hellmonk_ecumenical_altar_inner_sanctum,
          hangedman_abyss_or_decor_lesser_grid, chequers_jeans,
          kennysheep_generic_room_9, uniq_sigmund
D:4:      layout_basic, mainiacjoe_ossuary_entry_find_the_door,
          ebering_ghost_gozag, uniq_ijyb, uniq_eustachio
D:5:      layout_basic

Skill      XL: |  1  2  3  4  5  6  7 |
---------------+----------------------+-----
Maces & Flails | 3 4 5 6 |  6.8
Dodging        | 3 4 |  4.7
Armour         | 1 2 3 |  3.6
Fighting       | 3 4 |  4.6
Throwing       | |  1.7

Action                     |  1- 3 |  4- 6 |  7- 9 || total
---------------------------+-------+-------+-------++-------
  Melee: Flail             |    74 |    83 |   124 ||   281
         Dagger            |    61 |     7 |       ||    68
         Whip              |       |    53 |       ||    53
         Mace              |       |    18 |   129 ||   147
  Throw: Throwing net      |       |     3 |       ||     3
 Invoke: Convert to Beogh  |       |     1 |       ||     1
    Use: Scroll            |       |     5 |     2 ||     7
   Stab: Held in net/web   |       |     2 |       ||     2
 Armour: Leather armour    |    18 |       |       ||    18
         Plate armour      |    33 |    80 |   119 ||   232
  Dodge: Dodged            |    38 |    22 |    46 ||   106

Table legend: (Time is in decaauts)
 A = Elapsed time spent in this place.
 B = Non-inter-level travel time spent in this place.
 C = Inter-level travel time spent in this place.
 D = Time resting spent in this place.
 E = Time spent auto-exploring this place.
 F = Levels seen in this place.
 G = Mean time per level.
                   A        B        C        D        E       F      G
               +--------+--------+--------+--------+--------+-----+--------+
         Total |   4470 |   4269 |    201 |      9 |   3236 |   6 |  745.0 |
       Dungeon |   4020 |   3819 |    201 |      0 |   2998 |   5 |  804.0 |
       Ossuary |    450 |    450 |      0 |      9 |    238 |   1 |  450.0 |
               +--------+--------+--------+--------+--------+-----+--------+

Top non-repeatable levels by time:
     D:3: 1235 daAuts
     D:1: 1109 daAuts
     D:4: 1032 daAuts
     D:2: 588 daAuts
 Ossuary: 450 daAuts
     D:5: 55 daAuts
